 Dungeon Crawl Stone Soup version 0.27-a0-1312-g5cdb2b3542 (webtiles) character file.

Game seed: 4248011689142173563

0 spiderkeys the Skirmisher (level 1, -1/23 HPs)
             Began as a Gnoll Abyssal Knight on June 21, 2021.
             Was a Follower of Lugonu.
             Slain by a jumping spider (5 damage)
             ... summoned by a worldbinder
             ... on level 1 of the Abyss.
             The game lasted 00:00:13 (73 turns).

spiderkeys the Skirmisher (Gnoll Abyssal Knight)      Turns: 73, Time: 00:00:14

Health: -1/23      AC:  3    Str: 11    XL:     1   Next: 0%
Magic:  3/3        EV: 11    Int: 11    God:    Lugonu [*.....]
Gold:   0          SH:  0    Dex: 11    Spells: 0/0 levels left

rFire    . . .     SeeInvis .   a - +1 spear
rCold    . . .     Faith    .   (no shield)
rNeg     . . .     Spirit   .   b - +0 leather armour
rPois    .         Reflect  .   (no helmet)
rElec    .         Harm     .   (no cloak)
rCorr    .         Rampage  .   (no gloves)
Will     .....                  (no boots)
Stlth    +.........             (no amulet)
HPRegen  0.07/turn              (no ring)
MPRegen  0.08/turn              (no ring)

@: no status effects
A: fangs 1, strong nose, distributed training
a: Renounce Religion, Depart the Abyss


You were on level 1 of the Abyss.
You worshipped Lugonu.
Lugonu was aware of your devotion.
You visited 0 branches of the dungeon, and saw 0 of its levels.
You visited the Abyss 1 time.


Innate Abilities, Weirdness & Mutations

You have very sharp teeth.
Your uncanny sense of smell can sniff out nearby items.
Your experience applies equally to all skills.


   Skills:
 + Level 6.4 Fighting
 + Level 0.0 Short Blades
 + Level 0.0 Long Blades
 + Level 0.0 Axes
 + Level 0.0 Maces & Flails
 + Level 4.4 Polearms
 + Level 0.0 Staves
 + Level 0.0 Slings
 + Level 0.0 Bows
 + Level 0.0 Crossbows
 + Level 0.0 Throwing
 + Level 4.4 Armour
 + Level 2.3 Dodging
 + Level 0.0 Stealth
 + Level 0.0 Shields
 + Level 0.0 Unarmed Combat
 + Level 0.0 Spellcasting
 + Level 0.0 Conjurations
 + Level 0.0 Hexes
 + Level 0.0 Summonings
 + Level 0.0 Necromancy
 + Level 0.0 Translocations
 + Level 0.0 Transmutations
 + Level 0.0 Fire Magic
 + Level 0.0 Ice Magic
 + Level 0.0 Air Magic
 + Level 0.0 Earth Magic
 + Level 0.0 Poison Magic
 + Level 4.4 Invocations
 + Level 0.0 Evocations


You couldn't memorise any spells.
You didn't know any spells.
Your spell library was empty.

Inventory:

Hand Weapons
 a - a +1 spear (weapon)
Armour
 b - a +0 leather armour (worn)

Dungeon Overview and Level Annotations

Branches:
Dungeon (0/15)

Altars:

###... #.─.# ..#
#....# ##.│#.#.#.#
#...4....<..#.##.#
##..##.###..#.. #
###..#.w.. ..# .#
#.....#X.#.#...#.#
#...○.#....#.#.###
###sx.#.#.#. ##..
#@.z.###. #. #.
#....#s....##
#....#....#.
###..##.....# #...
#..#. ....# .#.#
...## .#. #..#


You could see an orange demon, a worldbinder, 2 jumping spiders and a flying
skull.


Message History

🤖 Initializing magus.rc ...
Options error: Delay interrupt name "hungry" not recognised. (~/.crawlrc:4988) ✅ Successfully initialized magus.rc [v1.9.10] Welcome, spiderkeys the Gnoll Abyssal Knight.
The bosom of this dungeon contains the fabled artefact, the Orb of Zot.
Lugonu says: Depart the Abyss and spread corruption, my servant! (use the ability menu to exit the Abyss) Press ? for a list of commands and other information.
Found a corrupted altar of Lugonu.
A tentacled starspawn comes into view.
Found a gateway leading out of the Abyss.
A tentacle flies out from the starspawn's body!
A starspawn tentacle comes into view.
A worldbinder comes into view.
An orange demon comes into view.
The orange demon screeches!
The worldbinder hits you but does no damage.
The worldbinder hits you.
A flying skull comes into view.
Tentacles burst from the starspawn's body! 2 starspawn tentacles come into view. 😕 HP[-2]
You take 2 damage, and now have 21/23 hp.
The worldbinder hits you. The worldbinder closely misses you.
Tentacles burst from the starspawn's body!
The worldbinder calls forth creatures from the Spider Nest! 2 starspawn tentacles come into view. 😕 HP[-2]
You take 2 damage, and now have 19/23 hp.
The worldbinder hits you. The worldbinder misses you.
The jumping spider misses you. The jumping spider bites you. 😮 HP[-5]
You take 5 damage, and now have 14/23 hp.
MASSIVE DAMAGE!! (PAUSE)
The jumping spider leaps!
The jumping spider pounces on you. The jumping spider bites you.
* * * LOW HITPOINT WARNING * * *
The worldbinder hits you but does no damage.
The worldbinder barely misses you. The jumping spider pounces on you.
* * * LOW HITPOINT WARNING * * *
The jumping spider bites you.
You die...

Action                   || total
-------------------------++-------
Armor: Leather armour    ||     2
Dodge: Dodged            ||     4

Levels and vault maps discovered:
Abyss:1:  base: Temple, minivault_28, base:
Temple

Notes
Turn   | Place    | Note
-------+----------+-------------------------------------------
     0 | Abyss:1  | spiderkeys the Gnoll Abyssal Knight began the quest for the
                  | Orb.
     0 | Abyss:1  | Reached XP level 1. HP: 23/23 MP: 3/3
     0 | Abyss:1  | magus.rc [v1.9.10]
    36 | Abyss:1  | Noticed a tentacled starspawn
    66 | Abyss:1  | Noticed a tentacled starspawn
    68 | Abyss:1  | Noticed a worldbinder
    69 | Abyss:1  | Noticed an orange demon
    70 | Abyss:1  | Noticed a flying skull
    72 | Abyss:1  | Noticed a jumping spider
    72 | Abyss:1  | Noticed a jumping spider
    73 | Abyss:1  | HP: 4/23 [jumping spider[a worldbinder] (2)]
    73 | Abyss:1  | Slain by a jumping spider

Vanquished Creatures (others)
  6 starspawn tentacles (Abyss:1)
6 creatures vanquished.

Table legend:
 A = Non-vault XP
 B = Vault XP
 C = Vault XP percentage of total XP
 D = Non-vault monster count
 E = Vault monster count
 F = Vault count percentage of total count
                 A         B        C        D         E       F
            +---------+---------+-------+---------+---------+-------
      Total |       0 |       0 |   N/A |       0 |       0 |  -nan
            +---------+---------+-------+---------+---------+-------
            +---------+---------+-------+---------+---------+-------

Illustrated notes

Table legend: (Time is in decaauts)
 A = Elapsed time spent in this place.
 B = Non-inter-level travel time spent in this place.
 C = Inter-level travel time spent in this place.
 D = Time resting spent in this place.
 E = Time spent auto-exploring this place.
 F = Levels seen in this place.
 G = Mean time per level.
                   A        B        C        D        E       F      G
               +--------+--------+--------+--------+--------+-----+--------+
         Total |     73 |     73 |      0 |      0 |     36 |   1 |   73.0 |
         Abyss |     73 |     73 |      0 |      0 |     36 |   1 |   73.0 |
               +--------+--------+--------+--------+--------+-----+--------+

Top non-repeatable levels by time:
 Abyss:1: 73 daAuts
